AoeStats
← chewie1706

Arena

506994167Analyzed
3v3 RM · 16d ago on Sep 16, 2026· 37m 14s· 6 players
Game mode
Random Map
Map size
Normal (6 player)
Population
200
Speed
Normal
Resources
Standard
Victory
Conquest
Starting age
Dark Age
Ending age
Imperial Age
RankedLock teamsTeams togetherTeam positionsShared explorationLock speedFull tech treeHidden civsTurbo modeCheats
Victory
Defeat
🇫🇷 Mongols · France
1519
+9
🇫🇷 Mongols · France
1420
+13
🇨🇭 Cumans · Switzerland
1252
+20
🇦🇷 Poles · Argentina
1353
-14
🇦🇷 Spanish · Argentina
1348
-14
🇦🇷 Armenians · Argentina
1345
-14
SvS CHEO
12:14 Feudal Age
16:29 Castle Age
14:19 Double-Bit Axe
14:16 Horse Collar
14:30 Gold Mining
16:19 Scale Barding Armor
17:01 Scale Barding Armor
20:30 Szlachta Privileges
21:47 Bloodlines
24:37 Chain Barding Armor
25:42 Forging
27:32 Iron Casting
35:54 Husbandry
SvS Sabach
10:01 Feudal Age
10:45 Loom
13:35 Castle Age
18:48 Horse Collar
20:53 Double-Bit Axe
23:53 Wheelbarrow
24:52 Gold Mining
25:46 Bow Saw
27:14 Hand Cart
32:03 Imperial Age
30:50 Scale Barding Armor
32:03 Bloodlines
31:59 Husbandry
32:23 Heavy Plow
32:57 Chain Barding Armor
33:08 Conscription
32:37 Cavalier
SvS Smolf
8:44 Loom
11:45 Feudal Age
14:09 Man-at-Arms
AGS.Grimnel
9:10 Feudal Age
10:54 Double-Bit Axe
11:31 Horse Collar
17:18 Wheelbarrow
19:59 Castle Age
18:59 Gold Mining
19:32 Scale Barding Armor
20:59 Forging
21:10 Chain Barding Armor
21:13 Bloodlines
21:16 Bow Saw
23:19 Iron Casting
25:08 Heavy Plow
31:32 Hand Cart
31:03 Town Watch
31:03 Loom
33:32 Caravan
38:06 Imperial Age
35:57 Padded Archer Armor
36:19 Ballistics
36:10 Masonry
35:56 Murder Holes
chewie1706
4:16 Loom
7:13 Feudal Age
8:19 Double-Bit Axe
9:03 Fletching
16:12 Horse Collar
21:36 Wheelbarrow
20:47 Town Watch
25:23 Castle Age
26:01 Bodkin Arrow
26:09 Heavy Plow
26:19 Bow Saw
29:12 Fervor
29:06 Gold Mining
29:06 Stone Mining
36:54 Imperial Age
35:33 Padded Archer Armor
36:38 Leather Archer Armor
37:56 Stone Shaft Mining
38:04 Gold Shaft Mining
37:39 Bracer
Eras Mousse
9:38 Feudal Age
12:08 Horse Collar
14:40 Castle Age
16:31 Double-Bit Axe
16:37 Light Cavalry
21:32 Bow Saw
23:55 Wheelbarrow
23:11 Loom
23:12 Town Watch
24:10 Heavy Plow
26:37 Hand Cart
27:16 Gold Mining
27:21 Stone Mining
30:51 Imperial Age
29:00 Ballistics
29:25 Fletching
30:01 Husbandry
30:11 Bloodlines
30:01 Bodkin Arrow
30:06 Padded Archer Armor
31:36 Bracer
32:44 Chemistry
31:59 Thumb Ring
33:06 Leather Archer Armor
33:35 Parthian Tactics
33:03 Capped Ram
34:06 Elite Mangudai
35:47 Caravan
36:22 Capped Ram
Connection lost

Rejoining the realm…

Still unreachable

The connection could not be restored.

Session expired

The server has moved on; the page needs a fresh start.